 Dungeon Crawl Stone Soup version 0.17-a0-1976-g482a304 (webtiles) character file.

50 Rationalist the Skirmisher (level 3, -2/29 HPs)
             Began as a Demonspawn Berserker on Oct 4, 2015.
             Was a Believer of Trog.
             Slain by Sigmund
             ... wielding a +0 scythe
              (14 damage)
             ... on level 2 of the Dungeon.
             The game lasted 00:02:29 (1417 turns).

Rationalist the Skirmisher (Demonspawn Berserker)   Turns: 1417, Time: 00:02:30

Health: -2/29      AC:  4    Str: 17    XL:     3   Next: 55%
Magic:  3/3        EV: 12    Int:  8    God:    Trog [**....]
Gold:   80         SH:  2    Dex: 13    Spells: 0 memorised, 2 levels left

rFire  . . .     SeeInvis .     a - +0 hand axe
rCold  . . .     Clarity  .     b - +0 animal skin
rNeg   . . .     SustAt   .     (no shield)
rPois  .         Gourm    .     (no helmet)
rElec  .         Spirit   .     (no cloak)
rCorr  .         Warding  .     (no gloves)
rMut   .         Stasis   .     (no boots)
MR     ++...                    (no amulet)
Stlth  +.........               (no ring)
                                h - ring of loudness (curse)

@: regenerating, very resistant to hostile enchantments, very unstealthy
A: large bone plates 1, nightstalker 1
a: Burn Spellbooks, Berserk, Trog's Hand, Renounce Religion


You were on level 2 of the Dungeon.
You worshipped Trog.
Trog was pleased with you.
You were not hungry.

You visited 1 branch of the dungeon, and saw 2 of its levels.

You collected 80 gold pieces.

Inventory:

Hand Weapons
 a - a +0 hand axe (weapon)
Armour
 b - a +0 animal skin (worn)
Jewellery
 h - a cursed ring of loudness (left hand)
Scrolls
 e - a scroll of remove curse {unknown}
 f - a scroll of magic mapping {unknown}
Potions
 d - a potion of haste {unknown}
 g - 2 potions of heal wounds {unknown}
 i - a potion of mutation {unknown}
 j - a potion of poison {unknown}
 k - a potion of agility {unknown}
Comestibles
 c - a bread ration


   Skills:
 + Level 3.6 Fighting
 + Level 3.3 Axes
 + Level 1.9 Armour
 + Level 2.1 Dodging
 + Level 0.4 Stealth


You had 2 spell levels left.
You didn't know any spells.

Dungeon Overview and Level Annotations

Branches:
Dungeon (2/15)

Altars:

Annotations:
D:2 Sigmund


Innate Abilities, Weirdness & Mutations

You are partially covered in large bone plates (AC +2, SH +2).
You are slightly more attuned to the shadows.


Message History

A kobold comes into view. It is wielding a dagger.
The hobgoblin hits you with a club. The hobgoblin barely misses you.
Sigmund shouts!
You hit the hobgoblin but do no damage. You closely miss the hobgoblin.
The hobgoblin hits you with a club. Sigmund gestures at you while chanting.
The puff of flame hits you! The hobgoblin barely misses you.
You hit the hobgoblin.
The hobgoblin is heavily wounded.
You closely miss the hobgoblin. The hobgoblin misses you.
The hobgoblin hits you with a club. Sigmund barely misses you.
Unknown command.
The hobgoblin completely misses you.
Use which ability?
Your skin crawls.
You feel resistant to hostile enchantments.
You feel slightly more hungry.
The hobgoblin hits you but does no damage.
Sigmund hits you with a scythe!
You die...

##.........#
...........#
...........# .
...........##..
#.............
#......K.....#
#..g@@....#
###########..g......#
#...<...............#
###...................#
......................#
.............#......#.#
.............#(.....#.#
.............#......#.#
###.รท........#......#.#


You could see Sigmund, 2 hobgoblins and a kobold.

Vanquished Creatures
  An adder (D:2)
  A worm (D:2)
  2 giant cockroaches (D:1)
  5 goblins
  3 hobgoblins
  5 kobolds (D:1)
  5 bats (D:1)
  A giant newt (D:2)
  8 jackals
  3 rats
34 creatures vanquished.

Notes
Turn   | Place    | Note
--------------------------------------------------------------
     0 | D:1      | Rationalist the Demonspawn Berserker began the quest for the Orb.
     0 | D:1      | Reached XP level 1. HP: 18/18 MP: 1/1
   437 | D:1      | Gained mutation: You are partially covered in large bone plates (AC +2, SH +2). [demonic ancestry]
   437 | D:1      | Reached XP level 2. HP: 16/24 MP: 2/2
   693 | D:1      | Acquired Trog's second power
  1017 | D:1      | Gained mutation: You are slightly more attuned to the shadows. [demonic ancestry]
  1017 | D:1      | Reached XP level 3. HP: 29/29 MP: 3/3
  1412 | D:2      | Noticed Sigmund
  1417 | D:2      | Slain by Sigmund

Vault maps used:
D:1:      sevenhm_arrival_forest_fort_small_6, serial_curves, eino_curves_03,
          eino_curves_03, eino_curves_01
D:2:      fiery_altar_vehumet, first_bread, grunt_ministairs_9, uniq_sigmund

Action                   || total
-------------------------++-------
Melee: Hand axe          ||   101
Invok: Berserk           ||     1
       Trog's Hand       ||     1
  Eat: Chunk             ||     3
